Map: Oxide LE

Players

Has

  • Race: Protoss Protoss
  • Spawn Location: 1:00

Nice - Winner!

  • Race: Protoss Protoss
  • League: Grandmaster
  • Spawn Location: 7:00

Event: DreamHack SC2 Masters 2020 Winter

VOD

Have the link to the VOD?

Description

Time

  • Played on: Oct. 25, 2020, 9:51 a.m.
  • Length: 12:37

All games in this series

Show
View Real Time Build Order
Export as new Build Order

Has Protoss 

Build Orders:  

Get SALT Encoding   

  12  0:00  Probe  
  13  0:12  Probe  
  14  0:17  Pylon  
  14  0:24  Probe (Chrono Boost)  
  16  0:36  Probe (Chrono Boost)  
  16  0:38  Gateway  
  16  0:41  Probe (Chrono Boost)  
  16  0:46  Assimilator  
  17  0:51  Probe  
  18  0:57  Assimilator  
  18  1:03  Probe  
  19  1:09  Gateway  
  19  1:15  Probe (Chrono Boost)  
  21  1:25  Cybernetics Core, Probe (Chrono Boost)  
  21  1:30  Probe (Chrono Boost)  
  22  1:34  Pylon  
  22  1:42  Probe  
  23  1:54  Probe  
  24  2:02  Stalker x2, Warp Gate  
  24  2:08  Pylon  
  28  2:11  Probe  
  29  2:32  Stalker, Sentry  
  29  2:34  Probe  
  34  2:51  Nexus  
  34  2:57  Pylon  
  34  3:00  Sentry  
  34  3:04  Sentry  
  38  3:06  Probe (Chrono Boost)  
  38  3:18  Probe (Chrono Boost)  
  39  3:20  Twilight Council  
  39  3:26  Probe (Chrono Boost)  
  40  3:33  Probe  
  41  3:45  Probe  
  42  3:56  Stalker x2  
  42  3:57  Probe  
  42  3:59  Shield Battery  
  42  4:00  Blink (Chrono Boost)  
  47  4:07  Probe (Chrono Boost)  
  49  4:13  Probe (Chrono Boost)  
  49  4:19  Stalker, Probe (Chrono Boost)  
  53  4:24  Probe x2 (Chrono Boost)  
  47  4:35  Probe x2 (Chrono Boost)  
  47  4:45  Stalker x2  
  49  4:48  Probe (Chrono Boost)  
  49  4:51  Probe (Chrono Boost)  
  53  4:54  Probe (Chrono Boost)  
  53  4:58  Probe  
  52  5:02  Probe  
  51  5:10  Probe  
  52  5:14  Probe  
  52  5:18  Phoenix  
  53  5:22  Probe  
  53  5:26  Forge, Probe  
  55  5:33  Nexus  
  55  5:34  Probe  
  55  5:35  Pylon  
  56  5:39  Probe  
  56  5:42  Protoss Ground Weapons Level 1 (Chrono Boost)  
  57  5:46  Probe  
  57  5:47  Robotics Facility  
  58  5:51  Probe  
  58  5:53  Pylon  
  58  5:56  Gateway  
  59  6:00  Probe  
  60  6:06  Gateway  
  60  6:07  Charge (Chrono Boost)  
  60  6:15  Gateway  
  60  6:17  Gateway  
  60  6:28  Stalker  
  62  6:38  Shield Battery  
  62  6:41  Gateway  
  62  6:45  Gateway  
  62  6:48  Stalker  
  62  6:49  Shield Battery  
  62  6:51  Shield Battery  
  64  6:59  Zealot x2  
  64  7:01  Probe x2  
  70  7:02  Probe  
  71  7:12  Zealot x4  
  79  7:19  Pylon, Probe  
  79  7:22  Probe x2  
  82  7:34  Warp Prism (Chrono Boost)  
  82  7:40  Templar Archives  
  84  7:49  Zealot x3  
  90  7:53  Pylon  
  93  8:07  Stalker x2  
  93  8:08  Zealot x2  
  93  8:12  Probe x2  
  100  8:13  Pylon, Probe  
  101  8:24  Probe  
  104  8:29  Zealot x2  
  104  8:31  Zealot x2  
  104  8:33  High Templar x2  
  114  8:37  Archon  
  114  8:38  Probe x2  
  114  8:39  Probe  
  114  8:40  Pylon  
  117  8:54  Pylon  
  117  8:56  Pylon x2, Probe  
  117  8:57  Probe  
  117  9:04  Probe (Chrono Boost)  
  117  9:06  Protoss Ground Weapons Level 2 (Chrono Boost)  
  117  9:09  Probe x2 (Chrono Boost)  
  120  9:14  Assimilator  
  120  9:15  Assimilator  
  120  9:16  Probe (Chrono Boost)  
  121  9:19  Probe (Chrono Boost)  
  122  9:30  Probe x3  
  123  9:32  Assimilator x2  
  123  9:37  Zealot x8  
  139  9:41  Pylon  
  139  9:42  Pylon, Probe x2  
  139  9:46  Shield Battery  
  139  9:52  Shield Battery  
  135  9:53  Photon Cannon  
  135  9:56  Photon Cannon  
  135  9:58  Observer (Chrono Boost)  
  136  10:01  High Templar x2  
  136  10:05  Archon  
  140  10:10  Probe  
  140  10:12  Pylon  
  141  10:16  Robotics Bay  
  141  10:17  Robotics Facility  
  135  10:22  Zealot x6  
  141  10:36  Zealot x2  
  145  10:43  Zealot  
  145  10:44  Zealot x4  
  145  10:49  Pylon  
  153  10:50  Pylon  
  145  11:04  High Templar x3  
  145  11:05  High Templar  
  145  11:09  Archon  
  145  11:10  Archon  
  145  11:11  Zealot x4  
  134  11:20  Disruptor (Chrono Boost)  
  97  11:31  Probe  
  84  11:38  Zealot x4  
  84  11:39  Zealot x4  
  71  12:00  Stalker x5  
  67  12:19  Zealot x3  
Show
View Real Time Build Order
Export as new Build Order

Nice Protoss - Winner!

Build Orders: Oracle Opening 

Get SALT Encoding   

  12  0:00  Probe  
  13  0:12  Probe  
  14  0:18  Pylon  
  14  0:24  Probe  
  15  0:36  Probe (Chrono Boost)  
  15  0:38  Gateway  
  16  0:47  Assimilator  
  16  0:48  Probe (Chrono Boost)  
  17  0:52  Assimilator  
  17  0:54  Probe (Chrono Boost)  
  18  1:05  Probe (Chrono Boost)  
  18  1:09  Gateway  
  19  1:17  Probe (Chrono Boost)  
  20  1:24  Probe (Chrono Boost)  
  21  1:26  Cybernetics Core  
  21  1:31  Probe  
  22  1:38  Pylon  
  22  1:43  Probe  
  23  1:56  Probe  
  24  2:03  Stargate  
  24  2:09  Warp Gate  
  24  2:17  Stalker  
  24  2:18  Probe  
  27  2:25  Stalker  
  27  2:28  Pylon  
  28  2:50  Oracle (Chrono Boost)  
  28  2:55  Shield Battery  
  31  2:59  Pylon  
  31  3:16  Nexus  
  31  3:18  Oracle (Chrono Boost)  
  32  3:25  Probe  
  34  3:37  Probe  
  35  3:49  Robotics Facility, Probe  
  36  3:57  Adept x2  
  36  4:02  Probe  
  41  4:14  Probe  
  42  4:18  Adept x2  
  46  4:26  Probe (Chrono Boost)  
  43  4:34  Probe (Chrono Boost)  
  43  4:36  Observer  
  43  4:38  Probe (Chrono Boost), Sentry  
  46  4:40  Stalker  
  46  4:43  Probe (Chrono Boost)  
  46  4:45  Probe (Chrono Boost)  
  52  4:48  Probe (Chrono Boost)  
  52  4:52  Probe  
  52  5:00  Probe  
  52  5:04  Probe  
  49  5:08  Immortal (Chrono Boost)  
  49  5:11  Stalker  
  49  5:12  Probe  
  56  5:14  Shield Battery  
  56  5:17  Pylon  
  56  5:23  Stalker  
  56  5:24  Gateway  
  56  5:26  Probe x2  
  60  5:36  Warp Prism (Chrono Boost)  
  60  5:38  Probe x2  
  60  5:40  Assimilator  
  64  5:43  Assimilator  
  64  5:48  Stalker, Sentry  
  68  5:57  Pylon  
  68  6:02  Pylon, Probe x2  
  70  6:20  Oracle (Chrono Boost)  
  73  6:28  Stalker x2  
  77  6:34  Gateway, Twilight Council  
  77  6:36  Gateway  
  77  6:39  Pylon  
  77  6:40  Gateway, Pylon  
  75  7:03  Stalker x3  
  75  7:07  Colossus (Chrono Boost)  
  81  7:09  Twilight Council  
  81  7:15  Gateway  
  81  7:16  Immortal (Chrono Boost)  
  81  7:17  Gateway  
  85  7:27  Charge (Chrono Boost)  
  82  7:41  Zealot  
  82  7:42  Forge, Zealot x5  
  94  7:47  Gateway  
  94  7:49  Templar Archives  
  94  7:59  Pylon  
  94  8:00  Pylon  
  94  8:10  Protoss Ground Weapons Level 1 (Chrono Boost)  
  94  8:17  Probe  
  95  8:28  High Templar  
  95  8:29  High Templar, Zealot x3  
  95  8:33  Archon  
  105  8:37  High Templar x2  
  105  8:40  Nexus  
  105  8:41  Archon, Pylon  
  109  8:48  Observer  
  109  8:52  Pylon  
  109  8:57  Phoenix (Chrono Boost), Pylon  
  111  9:05  High Templar  
  111  9:06  Shield Battery  
  111  9:07  Shield Battery  
  113  9:13  High Templar  
  113  9:14  Zealot x4  
  123  9:18  Archon  
  123  9:21  Zealot x2  
  123  9:36  Zealot x3  
  125  9:39  Probe x2  
  127  9:49  High Templar x2  
  133  9:54  Archon, Observer  
  133  10:00  Zealot x3  
  133  10:02  Zealot x2  
  141  10:13  Pylon  
  141  10:33  Zealot x8  
  151  10:49  Immortal (Chrono Boost)  
  133  10:58  Zealot x6  
  130  11:16  Zealot x2  
  130  11:18  Zealot x5  
  120  11:25  Warp Prism (Chrono Boost)  
  120  11:32  High Templar x2  
  120  11:36  Archon  
  120  11:39  High Templar x3  
  128  11:40  High Templar, Zealot x2  
  128  11:43  Archon  
  128  11:45  Archon  
  108  12:09  Zealot x4  
  108  12:20  Zealot x4  
Tags
 
Add a new tag
Caveats
  • Supply blocks, unpowered buildings, or Contaminate may cause inaccurate times.
  • Supply counts are checked every 10 seconds.